AoeStats
← DIALEX_20

Arabia

509475988Analyzed
1v1 RM · 5d ago on Sep 26, 2026· 41m 40s· 2 players
Game mode
Random Map
Map size
Tiny (2 player)
Population
200
Speed
Normal
Resources
Standard
Victory
Conquest
Starting age
Dark Age
Ending age
Imperial Age
RankedLock teamsTeams togetherTeam positionsShared explorationLock speedFull tech treeHidden civsTurbo modeCheats
Victory
Defeat
🇵🇪 Franks · Peru
731
+16
🇦🇷 Burgundians · Argentina
732
-16
DIALEX_20
9:14 Feudal Age
7:30 Loom
21:37 Castle Age
20:58 Double-Bit Axe
21:09 Stone Mining
21:14 Gold Mining
22:47 Wheelbarrow
22:20 Squires
22:16 Pikeman
25:03 Bow Saw
25:14 Elite Skirmisher
32:48 Imperial Age
30:23 Fletching
30:34 Padded Archer Armor
31:09 Bodkin Arrow
33:00 Husbandry
33:52 Ballistics
39:49 Cavalier
Ferna
7:06 Loom
9:37 Feudal Age
8:47 Double-Bit Axe
22:01 Castle Age
20:51 Horse Collar
22:03 Scale Barding Armor
22:01 Cavalier
24:29 Gold Mining
24:25 Pikeman
26:09 Wheelbarrow
30:39 Stone Mining
42:01 Imperial Age
Connection lost

Rejoining the realm…

Still unreachable

The connection could not be restored.

Session expired

The server has moved on; the page needs a fresh start.